Map: [ESL] Goldenaura

Players

DisK

  • Race: Protoss Protoss
  • Spawn Location: 12:00

Cham - Winner!

  • Race: Zerg Zerg
  • Spawn Location: 5:00

Event: ESL SC2 Masters 2023 Winter (Regional)

VOD

Have the link to the VOD?

Description

Time

  • Played on: Nov. 11, 2023, 12:41 p.m.
  • Length: 11:44

All games in this series

Show
View Real Time Build Order
Export as new Build Order

DisK Protoss 

Build Orders: 1 Gate Expand, Colossus Rush 

Get SALT Encoding   

  12  0:00  Probe  
  13  0:12  Probe  
  14  0:19  Pylon  
  14  0:24  Probe  
  15  0:37  Probe (Chrono Boost)  
  15  0:38  Gateway  
  16  0:47  Assimilator  
  16  0:48  Probe (Chrono Boost)  
  17  0:52  Probe (Chrono Boost)  
  18  1:03  Probe  
  19  1:15  Probe  
  20  1:23  Nexus  
  20  1:33  Cybernetics Core  
  20  1:37  Probe  
  21  1:42  Assimilator  
  21  1:49  Probe  
  21  1:53  Pylon  
  22  2:01  Probe (Chrono Boost)  
  23  2:08  Adept (Chrono Boost)  
  23  2:10  Warp Gate  
  23  2:13  Probe (Chrono Boost)  
  26  2:18  Probe (Chrono Boost)  
  27  2:27  Robotics Facility  
  27  2:31  Stalker (Chrono Boost)  
  27  2:35  Probe  
  30  2:37  Probe  
  31  2:47  Probe  
  31  2:50  Probe  
  33  2:59  Probe  
  33  3:02  Probe  
  35  3:11  Probe  
  36  3:14  Probe  
  36  3:16  Observer (Chrono Boost)  
  36  3:19  Robotics Bay  
  38  3:22  Gateway  
  38  3:23  Probe  
  38  3:26  Probe  
  40  3:32  Pylon  
  40  3:34  Warp Prism (Chrono Boost)  
  40  3:35  Probe  
  40  3:38  Probe  
  44  3:42  Assimilator  
  44  3:44  Assimilator  
  44  3:47  Probe  
  45  3:50  Probe  
  46  3:57  Shield Battery  
  46  3:58  Stalker  
  46  3:59  Probe  
  46  4:01  Gateway  
  46  4:02  Disruptor (Chrono Boost)  
  53  4:11  Gravitic Drive  
  53  4:15  Probe  
  53  4:16  Pylon  
  54  4:26  Pylon  
  54  4:28  Pylon  
  54  4:34  Probe x2  
  56  4:40  Stargate x2  
  56  4:46  Probe x2  
  56  4:47  Pylon  
  58  4:55  Colossus (Chrono Boost)  
  64  5:08  Probe x2  
  66  5:15  Stalker x3  
  66  5:19  Pylon  
  72  5:28  Pylon  
  72  5:37  Probe x2  
  72  5:40  Stalker x2  
  77  5:43  Pylon  
  77  5:49  Probe  
  78  5:50  Stalker  
  78  5:56  Disruptor, Pylon  
  84  5:59  Phoenix x2  
  88  6:19  Nexus  
  88  6:20  Pylon, Stalker x2  
  92  6:28  Phoenix x2 (Chrono Boost)  
  92  6:29  Probe  
  92  6:31  Probe  
  98  6:40  Pylon  
  98  6:48  Shield Battery  
  98  6:49  Shield Battery  
  98  6:50  Phoenix x2 (Chrono Boost)  
  102  6:58  Pylon  
  102  6:59  Pylon  
  102  7:02  Forge  
  102  7:10  Disruptor  
  102  7:13  Twilight Council  
  106  7:27  Probe x2  
  108  7:31  Protoss Ground Weapons Level 1 (Chrono Boost)  
  108  7:32  Observer  
  108  7:33  Gateway  
  108  7:35  Gateway  
  108  7:38  Gateway  
  108  7:39  Probe x2  
  108  7:41  Gateway  
  110  7:48  Stalker x2  
  114  7:54  Disruptor  
  118  8:05  Stalker  
  120  8:15  Stalker x2  
  112  8:29  Stalker  
  112  8:30  Stalker x2  
  102  8:36  Blink (Chrono Boost)  
  97  8:47  Stalker x2  
  99  8:50  Stalker x2  
  99  8:54  Assimilator, Probe x3  
  106  8:56  Assimilator  
  106  8:58  Stalker x3  
  112  9:06  Phoenix  
  114  9:12  Photon Cannon  
  114  9:15  Stalker  
  116  9:20  Pylon  
  116  9:21  Disruptor  
  116  9:22  Pylon  
  120  9:24  Protoss Ground Weapons Level 2 (Chrono Boost), Probe x3  
  123  9:35  Phoenix  
  125  9:41  Nexus  
  125  9:43  Pylon  
  125  9:45  Stalker x3  
  125  9:52  Pylon  
  131  10:01  Photon Cannon  
  131  10:02  Templar Archives  
  131  10:03  Shield Battery  
  131  10:06  Photon Cannon  
  129  10:19  Photon Cannon, Stalker x2  
  129  10:20  Shield Battery  
  133  10:22  Observer  
  134  10:28  Probe x3  
  137  10:43  Probe x2  
  137  10:48  Fleet Beacon  
  137  10:49  Disruptor  
  143  10:51  Stalker x2  
  143  10:54  Probe  
  143  10:55  Probe x2  
  150  11:02  Probe  
  151  11:05  Assimilator  
  151  11:07  Probe x2  
  151  11:08  Assimilator  
  141  11:23  Stalker x6  
  98  11:34  Stalker  
Show
View Real Time Build Order
Export as new Build Order

Cham Zerg - Winner!

Build Orders: Hatch First, Roach Hydra 

Get SALT Encoding   

  12  0:00  Drone  
  13  0:12  Overlord  
  13  0:16  Drone  
  14  0:30  Drone x2  
  16  0:48  Hatchery  
  15  0:52  Drone  
  15  0:55  Drone  
  17  0:58  Drone  
  18  1:12  Spawning Pool  
  18  1:13  Extractor  
  18  1:16  Drone  
  17  1:20  Drone  
  18  1:29  Drone  
  19  1:43  Drone  
  20  1:50  Drone  
  21  2:00  Queen x2  
  26  2:01  Drone x2  
  27  2:10  Overlord  
  27  2:12  Drone  
  28  2:29  Hatchery  
  27  2:33  Zergling x4  
  29  2:39  Overlord  
  29  2:50  Drone x2  
  33  2:54  Lair  
  33  2:57  Overlord  
  32  2:58  Drone x2  
  32  3:04  Drone  
  34  3:05  Drone  
  34  3:09  Drone x4  
  34  3:12  Drone  
  40  3:14  Drone  
  41  3:23  Extractor, Roach Warren  
  41  3:26  Overlord  
  39  3:30  Drone x2  
  39  3:32  Drone  
  42  3:38  Queen  
  44  3:42  Drone  
  44  3:43  Drone x2  
  47  3:48  Overlord  
  47  3:50  Drone x2  
  47  3:53  Overseer  
  49  4:03  Roach x4  
  49  4:05  Glial Reconstitution  
  49  4:08  Roach  
  59  4:12  Overlord  
  59  4:14  Roach  
  61  4:19  Roach x2  
  65  4:26  Overlord  
  65  4:28  Overlord  
  65  4:31  Roach  
  65  4:32  Roach  
  65  4:34  Roach  
  65  4:37  Roach  
  73  4:45  Overlord x2  
  73  4:48  Overlord  
  73  4:58  Drone x10  
  83  5:01  Extractor  
  83  5:02  Metabolic Boost  
  83  5:03  Extractor  
  81  5:08  Overlord  
  81  5:10  Roach x2  
  81  5:14  Drone  
  76  5:20  Drone x3  
  79  5:21  Drone x2  
  79  5:22  Drone  
  79  5:24  Drone x2  
  79  5:25  Drone  
  85  5:28  Drone  
  85  5:29  Drone  
  85  5:30  Drone  
  85  5:34  Drone  
  89  5:39  Drone x2  
  91  5:43  Drone  
  92  5:50  Infestation Pit, Drone x2  
  92  5:51  Evolution Chamber  
  92  5:52  Evolution Chamber  
  92  5:53  Overlord  
  92  5:57  Drone x3  
  93  5:59  Drone x4  
  93  6:03  Queen  
  100  6:05  Drone  
  100  6:06  Drone  
  100  6:08  Drone x2  
  104  6:11  Overlord  
  104  6:14  Roach  
  105  6:18  Roach  
  105  6:20  Overlord  
  105  6:24  Roach  
  107  6:30  Roach  
  107  6:31  Roach x2  
  107  6:32  Roach x2  
  114  6:36  Hive  
  114  6:40  Extractor  
  114  6:44  Zerg Missile Weapons Level 1, Zerg Ground Armor Level 1, Overlord  
  113  6:49  Drone x3  
  113  6:50  Overlord  
  113  6:52  Overlord  
  116  6:57  Roach x2  
  116  6:59  Overlord  
  120  7:05  Hatchery  
  120  7:06  Roach  
  120  7:08  Roach  
  123  7:10  Roach  
  123  7:14  Overlord  
  123  7:15  Roach x2  
  129  7:19  Zergling x2  
  129  7:20  Zergling x2  
  129  7:21  Extractor  
  130  7:26  Drone  
  130  7:27  Drone x3  
  130  7:28  Drone  
  130  7:32  Zergling x4  
  130  7:34  Overlord x2  
  132  7:38  Drone x2  
  132  7:42  Queen  
  132  7:44  Ravager x4  
  137  7:45  Ravager  
  137  7:49  Zergling x10  
  142  7:51  Zergling x4  
  142  7:52  Zergling x4  
  142  7:57  Hydralisk Den  
  143  8:02  Spore Crawler  
  143  8:03  Hydralisk Den  
  143  8:04  Spore Crawler  
  140  8:07  Zergling x4  
  140  8:08  Zergling x2  
  142  8:15  Zergling x14  
  133  8:23  Zergling x2  
  133  8:24  Zergling x8  
  133  8:25  Zergling x2  
  133  8:26  Zergling x2  
  128  8:27  Zergling x2  
  128  8:29  Zergling x2  
  128  8:30  Queen x2  
  127  8:34  Zergling x4  
  107  8:42  Zergling x8  
  109  8:51  Hydralisk x3  
  109  8:53  Grooved Spines, Zerg Missile Weapons Level 2, Zerg Ground Armor Level 2  
  115  8:59  Spore Crawler  
  115  9:01  Hydralisk  
  114  9:07  Viper x2  
  114  9:09  Hydralisk  
  120  9:15  Hydralisk x2  
  124  9:17  Hydralisk  
  124  9:23  Hydralisk x2  
  130  9:24  Hydralisk  
  130  9:30  Hydralisk, Overlord  
  134  9:34  Overlord  
  134  9:37  Overlord  
  134  9:40  Hydralisk x2  
  134  9:44  Muscular Augments  
  138  9:49  Hydralisk x3  
  144  9:55  Drone x2  
  144  9:56  Drone x5  
  144  9:58  Drone  
  149  10:00  Drone x2  
  149  10:01  Drone  
  149  10:05  Roach x2  
  156  10:10  Roach x2  
  156  10:13  Drone x2, Overlord  
  160  10:17  Overlord  
  160  10:20  Overlord  
  160  10:21  Overlord  
  160  10:27  Overlord  
  160  10:28  Overlord  
  160  10:31  Hydralisk  
  160  10:32  Hydralisk x2  
  166  10:40  Hydralisk x2  
  166  10:41  Hydralisk x2  
  174  10:46  Roach x3  
  174  10:49  Hydralisk x2  
  180  10:52  Hydralisk  
  180  10:54  Hydralisk  
  187  10:57  Hydralisk  
  187  10:59  Hydralisk  
  187  11:02  Hydralisk x2  
  195  11:07  Hydralisk x2  
  198  11:12  Hydralisk  
Tags
 
Add a new tag
Caveats
  • Supply blocks, unpowered buildings, or Contaminate may cause inaccurate times.
  • Supply counts are checked every 10 seconds.